 Dungeon Crawl Stone Soup version 0.29.1-2-gbd0b4ee654 (webtiles) character file.

Game seed: 15920917859587641896

1160 Earthwalker the Shield-Bearer (level 8, -3/70 HPs)
             Began as a Minotaur Fighter on Oct 23, 2022.
             Slain by an orc warrior
             ... wielding a +0 war axe
              (7 damage)
             ... on level 5 of the Dungeon.
             The game lasted 00:06:51 (4780 turns).

Earthwalker the Shield-Bearer (Minotaur Fighter)    Turns: 4780, Time: 00:06:52

Health: -3/70      AC: 12    Str: 23    XL:     8   Next: 16%
Magic:  7/7        EV:  7    Int:  5    God:
Gold:   357        SH:  5    Dex: 10    Spells: 7/7 levels left

rFire   . . .      SeeInvis +   a - +0 war axe
rCold   . . .      Faith    .   c - +0 buckler
rNeg    + . .      Spirit   .   A - +0 plate armour
rPois   .          Reflect  .   (helmet restricted)
rElec   .          Harm     .   (no cloak)
rCorr   .          Rampage  .   (no gloves)
Will    .....                   (no boots)
Stlth   ..........              (no amulet)
HPRegen 0.21/turn               l - ring of see invisible
MPRegen 0.10/turn               q - ring of positive energy

@: no status effects
A: horns 2, retaliatory headbutt
a: no special abilities


You were on level 5 of the Dungeon.
You visited 1 branch of the dungeon, and saw 6 of its levels.

You collected 357 gold pieces.

Inventory:

Hand Weapons
 a - a +0 war axe (weapon)
Missiles
 s - 4 poisoned darts
 w - 4 boomerangs (quivered)
Armour
 b - a +0 scale mail
 c - a +0 buckler (worn)
 k - a scarf of harm
 A - a +0 plate armour (worn)
Jewellery
 l - a ring of see invisible (left hand)
 q - a ring of positive energy (right hand)
 t - a ring of magical power
 x - an amulet of the acrobat
Wands
 y - a wand of acid (7)
Scrolls
 e - a scroll of torment {unknown}
 f - 2 scrolls of teleportation {unknown}
 g - 2 scrolls of magic mapping {unknown}
 h - 5 scrolls of identify {unknown}
 p - a scroll of brand weapon {unknown}
Potions
 d - a potion of might
 i - a potion of curing {unknown}
 j - 2 potions of heal wounds {unknown}
 m - a potion of resistance {unknown}
 n - 3 potions of flight {unknown}
 o - 2 potions of degeneration {unknown}
 r - a potion of cancellation {unknown}
 u - a potion of attraction {unknown}
 v - a potion of mutation {unknown}
 z - a potion of lignification {unknown}


   Skills:
 * Level 6.2 Fighting
 * Level 5.6 Axes
 + Level 2.8 Throwing
 * Level 6.2 Armour
 + Level 3.1 Dodging
 * Level 6.3 Shields


You had 7 spell levels left.
You didn't know any spells.
Your spell library contained the following spells:

 Spells                   Type           Power      Damage    Failure   Level
 Necrotise                Necr           0%         1d4       100%        1
 Sandblast                Erth           0%         2d4       100%        1
 Passwall                 Tmut/Erth      0%         N/A       100%        2
 Stone Arrow              Conj/Erth      0%         3d7       100%        3
 Vampiric Draining        Necr           0%         2d6       100%        3
 Agony                    Necr           0%         N/A       100%        5
 Fireball                 Conj/Fire      0%         3d3       100%        5
 Starburst                Conj/Fire      0%         6d3       100%        6
 Ignition                 Fire           0%         3d3       100%        8


Dungeon Overview and Level Annotations

Branches:
Dungeon (6/15)
 Temple: D:4-7

Altars:


Innate Abilities, Weirdness & Mutations

You have a pair of horns on your head.
You reflexively headbutt those who attack you in melee.


Message History

You hit the orc warrior but do no damage.
You hit the orc. You closely miss the orc. You block the orc's attack.
The orc hits you but does no damage.
The orc warrior hits you but does no damage.
The orc wizard hits you but does no damage.
You closely miss the orc wizard.
The orc wizard is severely wounded.
You hit the orc.
You kill the orc!
You hit the orc but do no damage. You barely miss the orc warrior.
The orc warrior hits you with a +0 war axe!
The orc hits you but does no damage.
The orc wizard hits you but does no damage.
The orc warrior hits you with a +0 war axe!
* * * LOW HITPOINT WARNING * * *
The orc hits you with a +0 flail.
* * * LOW HITPOINT WARNING * * *
The orc wizard hits you but does no damage.
You closely miss the orc warrior. You slash the orc wizard!
You kill the orc wizard!
You slash the orc!
You kill the orc!
The orc warrior hits you but does no damage.
Unknown command.
You closely miss the orc warrior.
The orc warrior hits you with a +0 war axe.
* * * LOW HITPOINT WARNING * * *
You hit the orc warrior.
The orc warrior is lightly wounded.
The orc warrior hits you but does no damage. x2
You barely miss the orc warrior.
The orc warrior is lightly wounded.
The orc warrior hits you but does no damage.
You hit the orc warrior.
The orc warrior is moderately wounded.
The orc warrior hits you with a +0 war axe!
* * * LOW HITPOINT WARNING * * *
The orc warrior attacks as you move away!
The orc warrior hits you with a +0 war axe!
You die...

##### ##...## ##.###.##
###########.## ##.#
#...........# #.####
#.#########.## ##....# ##
#.##....)o)..###.....####.
#.##.####@#.#.<...........
#.##.# #<#...........###.
#.##.## #.###...####..# #.
#.>...# #.##.....###..# #.
####..# #.#...........# ##
#..# #.##.....###..####
#..# #.###...## #......
#..# #.# ##.## ##..####
#..# #.# ### #...#


You could see an orc warrior.

Vanquished Creatures
  Grinder (D:3)
  A black bear (D:5)
  A phantom (D:4)
  2 necrophages
  3 jellies (D:2)
  3 hounds (D:5)
  An orc priest (D:5)
  6 iguanas
  Jessica (D:3)
  Ijyb (D:5)
  3 orc wizards (D:5)
  5 adders
  A shadow imp (D:5)
  2 ufetubi (D:5)
  4 worms
  3 dart slugs
  9 orcs
  10 ball pythons
  2 bats
  15 endoplasms
  A giant cockroach (D:4)
  11 goblins
  11 hobgoblins
  4 jackals (D:2)
  13 kobolds
  3 quokkas
  4 frilled lizards
  7 rats
128 creatures vanquished.

Vanquished Creatures (others)
  6 fungi (D:2)
  6 toadstools (D:2)
12 creatures vanquished.

Grand Total: 140 creatures vanquished

Notes
Turn   | Place    | Note
-------+----------+-------------------------------------------
     0 | D:1      | Earthwalker the Minotaur Fighter began the quest for the
                  | Orb.
     0 | D:1      | Reached XP level 1. HP: 19/19 MP: 0/0
    34 | D:1      | Found a faded altar of an unknown god.
   144 | D:1      | Reached XP level 2. HP: 27/27 MP: 1/1
   693 | D:2      | Reached XP level 3. HP: 22/33 MP: 2/2
   821 | D:2      | Noticed a necrophage
   831 | D:2      | Killed a necrophage
   832 | D:2      | Reached skill level 1 in Throwing
   832 | D:2      | Reached skill level 1 in Dodging
   832 | D:2      | Reached XP level 4. HP: 38/40 MP: 3/3
   998 | D:2      | Reached XP level 5. HP: 38/47 MP: 4/4
  1863 | D:3      | Reached XP level 6. HP: 45/55 MP: 5/5
  2415 | D:3      | Noticed Grinder
  2426 | D:3      | Killed Grinder
  2427 | D:3      | Reached skill level 5 in Fighting
  2427 | D:3      | Reached skill level 5 in Armour
  2427 | D:3      | Reached skill level 5 in Shields
  2548 | D:3      | Noticed Jessica
  2552 | D:3      | Killed Jessica
  2553 | D:3      | Reached XP level 7. HP: 50/61 MP: 6/6
  3331 | D:5      | Entered Level 5 of the Dungeon
  3439 | D:5      | Reached skill level 5 in Axes
  3771 | D:5      | Noticed Ijyb
  3777 | D:5      | Killed Ijyb
  4079 | D:5      | Reached XP level 8. HP: 64/70 MP: 7/7
  4780 | D:5      | Slain by an orc warrior

Illustrated notes

Levels and vault maps discovered:
D:1:      eino_arrival_druids_welcome, layout_basic, basic_ecumenical_altar
D:2:      cheibrodos_fertilizer, layout_rooms
D:3:      layout_basic, uniq_jessica, uniq_grinder
D:4:      corexii_shack_village, layout_basic
D:5:      layout_loops_ring, uniq_ijyb
D:6:      layout_cave_pools, minmay_temple_entry_overgrown, feat_on_display

Skill      XL: |  1  2  3  4  5  6  7 |
---------------+----------------------+-----
Shields        | 4 5 6 |  6.3
Fighting       | 4 5 6 |  6.2
Axes           | 3 4 5 |  5.6
Throwing       | 1 2 |  2.8
Armour         | 4 5 6 |  6.2
Dodging        | 1 2 3 |  3.1

Action                   |  1- 3 |  4- 6 |  7- 9 || total
-------------------------+-------+-------+-------++-------
Melee: War axe           |    56 |   113 |   119 ||   288
       Headbutt          |     2 |    12 |     9 ||    23
Throw: Dart              |       |     2 |       ||     2
Armor: Scale mail        |    38 |    39 |    26 ||   103
       Plate armour      |       |       |    49 ||    49
Dodge: Dodged            |    36 |    39 |    66 ||   141
Block: Buckler           |    20 |    17 |    37 ||    74
